 Dungeon Crawl Stone Soup version 0.28-a0-511-gcc94558de3 (webtiles) character file.

Game seed: 8229777213228942804

2157 wakim the Carver (level 9, -2/73 HPs)
             Began as a Palentonga Gladiator on Sept 21, 2021.
             Was an Initiate of Qazlal.
             Slain by Dowan (17 damage)
             ... on level 7 of the Dungeon.
             The game lasted 00:18:05 (6936 turns).

wakim the Carver (Palentonga Gladiator)             Turns: 6936, Time: 00:18:06

Health: -2/73      AC: 20    Str: 18    XL:     9   Next: 10%
Magic:  10/10      EV: 14    Int:  9    God:    Qazlal [......]
Gold:   371        SH:  0    Dex: 20    Spells: 8/8 levels left

rFire   . . .      SeeInvis +   a - +1 long sword
rCold   + . .      Faith    .   (no shield)
rNeg    . . .      Spirit   .   g - +0 leather armour
rPois   .          Reflect  .   c - +0 helmet
rElec   .          Harm     .   (no cloak)
rCorr   .          Rampage  .   q - +1 pair of gloves
Will    .....                   j - +2 barding {rC+}
Stlth   +.........              (no amulet)
HPRegen 0.22/turn               m - +6 ring of dexterity
MPRegen 0.12/turn               f - +4 ring of evasion

@: curled up
A: large, rugged brown scales 3, see invisible, deformed body, roll 1, armoured
tail, reflexive curl
a: Rolling Charge, Renounce Religion


You were on level 7 of the Dungeon.
You worshipped Qazlal.
Qazlal was noncommittal.
You visited 2 branches of the dungeon, and saw 8 of its levels.

You collected 371 gold pieces.

Inventory:

Hand Weapons
 a - a +1 long sword (weapon)
 b - a +2 short sword of venom
Missiles
 d - 6 throwing nets {=f!f}
 l - 53 poisoned darts
Armour
 c - a +0 helmet (worn)
 g - a +0 leather armour (worn)
 j - a +2 barding of cold resistance (worn)
 q - a +1 pair of gloves (worn)
Jewellery
 f - a +4 ring of evasion (right hand)
 m - a +6 ring of dexterity (left hand)
Wands
 v - a wand of flame (13)
 x - a wand of iceblast (19)
 y - a wand of paralysis (4)
Scrolls
 i - a scroll of amnesia
 k - a scroll of torment {!r}
 n - a scroll of enchant armour
 r - 2 scrolls of identify
 R - a scroll of magic mapping {!r}
 T - 2 scrolls of teleportation
Potions
 e - a potion of attraction {unknown}
 A - a potion of ambrosia
 F - 3 potions of curing
 G - 2 potions of flight
 J - a potion of heal wounds
 N - 2 potions of might


   Skills:
 + Level 6.1 Fighting
 * Level 8.9 Long Blades
 - Level 1.3 Throwing
 + Level 5.4 Dodging
 + Level 2.2 Invocations


You had 8 spell levels left.
You didn't know any spells.
Your spell library was empty.

Dungeon Overview and Level Annotations

Branches:
Dungeon (7/15)             Temple (1/1) D:6

Altars:
Ashenzari
Cheibriados
Dithmenos
Elyvilon
Fedhas
Gozag
Hepliaklqana
Kikubaaqudgha
Makhleb
Nemelex Xobeh
Okawaru
Qazlal
Ru
Sif Muna
Uskayaw
Vehumet
Wu Jian
Yredelemnul
Zin
The Shining One

Annotations:
D:3 Sigmund
D:6 Pikel
D:7 Dowan


Innate Abilities, Weirdness & Mutations

You are completely covered in rugged brown scales. (AC +3, +7% HP)
You have supernaturally acute eyesight. (SInv)
Armour fits poorly on your strangely shaped body.
You can roll at nearby foes to attack.
You have a long armoured tail.
You curl defensively after being hit.


Message History

You kill Duvessa!
Qazlal accepts your kill.
Dowan seems overcome with grief, but rights himself reflexively soon after.
Dowan seems to find hidden reserves of power!
Dowan shakes with grief.
Dowan barely misses you.
You puncture Dowan!
Dowan is poisoned.
Your tail-slap misses Dowan.
Dowan is moderately wounded.
Dowan hits you with a +2 dagger of electrocution.
You are electrocuted!!
* * * LOW HITPOINT WARNING * * *
You hit Dowan.
Dowan looks as sick as possible!
Dowan is heavily wounded.
Dowan closely misses you.
You miss Dowan.
Dowan is severely wounded.
Dowan drinks a potion.
Dowan is healed!
Your +2 short sword of venom stops dripping with poison.
a - a +1 long sword (weapon)
Dowan points at you and mumbles some strange words.
The shard of ice hits you. You partially resist.
* * * LOW HITPOINT WARNING * * *
You slash Dowan!
Your tail-slap misses Dowan.
Dowan is heavily wounded.
Dowan closely misses you.
You hit Dowan.
Dowan is severely wounded.
Dowan hits you but does no damage. Dowan completely misses you.
You hit Dowan.
Dowan is almost dead.
Dowan closely misses you.
You completely miss Dowan.
Dowan is almost dead.
Dowan hits you but does no damage.
You are electrocuted!
* * * LOW HITPOINT WARNING * * *
Dowan hits you with a +2 dagger of electrocution.
* * * LOW HITPOINT WARNING * * *
You are electrocuted!
You die...

#.# ##...## # #.# #
##+# #.##.##.# #.#
#.......# #.#
#.##########.#######
#.##..........##....
#.##...........#....
#.##.#####....##....
#.e@...###.#)###....
####.#.......)..)...
#.#####.#####....
#.......# #....
#.......# #####
#########


You could see Dowan (fast, very poisoned).

Vanquished Creatures
  Prince Ribbit (D:7)
  A steam dragon (D:6)
  2 water moccasins (D:5)
  Duvessa (D:7)
  A black bear (D:6)
  A sky beast (D:7)
  A necrophage (D:3)
  2 ogres
  A phantom (D:7)
  A bullfrog (D:7)
  A scorpion (D:7)
  A water moccasin zombie (D:6)
  A water moccasin skeleton (D:4)
  A jelly (D:4)
  An orc priest (D:7)
  2 hounds
  A scorpion zombie (D:5)
  Ijyb (D:4)
  Natasha (thrice) (D:4)
  2 iguanas
  4 orc wizards
  2 hound zombies (D:5)
  2 howler monkey zombies (D:6)
  Robin (D:2)
  6 gnolls
  12 adders
  A shadow imp (D:5)
  A white imp (D:7)
  An adder zombie (D:5)
  An adder skeleton (D:5)
  2 worms
  3 dart slugs
  18 orcs
  13 ball pythons
  14 endoplasms
  10 goblins
  14 hobgoblins
  3 quokkas
  5 bats
  2 frilled lizards
  4 kobolds
  5 rats (D:1)
150 creatures vanquished.

Vanquished Creatures (others)
  2 plants (D:4)
2 creatures vanquished.

Grand Total: 152 creatures vanquished

Notes
Turn   | Place    | Note
-------+----------+-------------------------------------------
     0 | D:1      | wakim the Palentonga Gladiator began the quest for the Orb.
     0 | D:1      | Reached XP level 1. HP: 17/17 MP: 1/1
    77 | D:1      | Reached XP level 2. HP: 23/23 MP: 2/2
  1049 | D:1      | Reached XP level 3. HP: 29/29 MP: 3/3
  1332 | D:2      | Found a faded altar of an unknown god.
  1332 | D:2      | Noticed a floating eye
  1375 | D:2      | Reached skill level 4 in Long Blades
  1597 | D:2      | Noticed an eye of devastation
  1601 | D:2      | Noticed a great orb of eyes
  1601 | D:2      | Noticed a floating eye
  1701 | D:2      | Reached XP level 4. HP: 36/36 MP: 4/4
  2479 | D:2      | Reached XP level 5. HP: 41/43 MP: 5/5
  2545 | D:3      | Noticed a necrophage
  2551 | D:3      | Killed a necrophage
  2552 | D:3      | Reached skill level 5 in Long Blades
  2630 | D:3      | Noticed Robin
  2664 | D:2      | Killed Robin
  2696 | D:3      | Found an iron altar of Okawaru.
  2697 | D:3      | Found a glowing golden altar of the Shining One.
  2705 | D:3      | Reached XP level 6. HP: 33/50 MP: 6/6
  2712 | D:3      | Found an ornate altar of the Wu Jian Council.
  2862 | D:3      | Noticed Sigmund
  3314 | D:4      | Identified a scroll of acquirement
  3324 | D:4      | Acquired a +2 barding of cold resistance
  3332 | D:4      | Noticed Natasha
  3335 | D:4      | Noticed Ijyb
  3349 | D:4      | Killed Natasha
  3369 | D:4      | Killed Ijyb
  3594 | D:4      | Reached skill level 6 in Long Blades
  3599 | D:4      | Gained mutation: You curl defensively after being hit.
                  | [Palentonga growth]
  3599 | D:4      | Reached XP level 7. HP: 37/57 MP: 7/7
  3781 | D:4      | Noticed Natasha
  3790 | D:4      | Killed Natasha
  4175 | D:4      | Noticed Natasha
  4181 | D:4      | Killed Natasha
  4269 | D:5      | Entered Level 5 of the Dungeon
  4328 | D:5      | Found an opulent altar of Gozag.
  4789 | D:5      | Reached skill level 7 in Long Blades
  4832 | D:5      | Reached XP level 8. HP: 44/65 MP: 8/8
  5011 | D:5      | Reached skill level 5 in Fighting
  5216 | D:6      | Found a staircase to the Ecumenical Temple.
  5224 | Temple   | Entered the Ecumenical Temple
  5301 | Temple   | Became a worshipper of Qazlal Stormbringer
  5705 | D:6      | Reached skill level 8 in Long Blades
  5816 | D:6      | Reached skill level 5 in Dodging
  5934 | D:6      | Noticed Pikel
  6512 | D:7      | Noticed Dowan
  6583 | D:7      | Noticed Prince Ribbit
  6593 | D:7      | Killed Prince Ribbit
  6594 | D:7      | Reached skill level 1 in Invocations
  6809 | D:7      | Reached XP level 9. HP: 70/73 MP: 10/10
  6909 | D:7      | Noticed Duvessa
  6928 | D:7      | Killed Duvessa
  6936 | D:7      | Slain by Dowan

Illustrated notes

Levels and vault maps discovered:
D:1:      onia_arrival_handbag, layout_basic, minmay_unequal
D:2:      layout_rooms, hellmonk_ecumenical_altar_watching_god,
          minmay_snake_closets
D:3:      layout_rooms, grunt_temple_overflow_open, uniq_robin, uniq_sigmund
D:4:      layout_loops_cross, corexii_shack, chequers_avenue, feat_on_display,
          uniq_ijyb, uniq_natasha
D:5:      layout_rooms, lemuel_crystal_altar
D:6:      layout_loops_corners, minmay_temple_entry_mini_moons, feat_on_display,
          uniq_pikel
D:7:      corexii_shantytown, layout_loops_corners, uniq_maggie, uniq_menkaure,
          uniq_prince_ribbit1, uniq_duvessa
Temple:   kb_temple_of_zot

Skill      XL: |  1  2  3  4  5  6  7  8 |
---------------+-------------------------+-----
Long Blades    | 4 5 6 7 8 |  8.9
Dodging        | 3 4 5 |  5.4
Fighting       | 3 4 6 |  6.1
Invocations    | 2 |  2.2
Throwing       | |  1.3

Action                   |  1- 3 |  4- 6 |  7- 9 || total
-------------------------+-------+-------+-------++-------
Melee: Long sword        |    80 |   177 |   217 ||   474
       Tailslap          |    13 |    29 |    35 ||    77
       Short sword       |     5 |       |    10 ||    15
 Abil: Rolling Charge    |    33 |    29 |    38 ||   100
  Use: Scroll            |       |     7 |     8 ||    15
       Potion            |       |       |     1 ||     1
Armor: Leather armour    |    26 |    85 |   102 ||   213
Dodge: Dodged            |    48 |    88 |   113 ||   249

Table legend: (Time is in decaauts)
 A = Elapsed time spent in this place.
 B = Non-inter-level travel time spent in this place.
 C = Inter-level travel time spent in this place.
 D = Time resting spent in this place.
 E = Time spent auto-exploring this place.
 F = Levels seen in this place.
 G = Mean time per level.
                   A        B        C        D        E       F      G
               +--------+--------+--------+--------+--------+-----+--------+
         Total |   6989 |   6704 |    285 |    748 |   4552 |   8 |  873.6 |
       Dungeon |   6907 |   6622 |    285 |    748 |   4502 |   7 |  986.7 |
        Temple |     81 |     81 |      0 |      0 |     50 |   1 |   81.0 |
               +--------+--------+--------+--------+--------+-----+--------+

Top non-repeatable levels by time:
     D:2: 1589 daAuts
     D:6: 1144 daAuts
     D:1: 1083 daAuts
     D:4: 1050 daAuts
     D:5: 941 daAuts
     D:3: 614 daAuts
     D:7: 483 daAuts
  Temple: 81 daAuts
